 Dungeon Crawl Stone Soup version 0.24-a0-269-g32ec7ca (webtiles) character file.

Game seed: 13139967711426713048

128 Lanoc the Slasher (level 4, 0/40 HPs)
             Began as a Draconian Monk on Apr 22, 2019.
             Was a Believer of Nemelex Xobeh.
             Slain by Crazy Yiuf
             ... wielding a +2 quarterstaff of chaos
              (7 damage)
             ... on level 3 of the Dungeon.
             The game lasted 00:05:55 (1488 turns).

Lanoc the Slasher (Draconian Monk)                  Turns: 1488, Time: 00:05:58

Health: 0/40       AC:  8    Str: 11 (13) XL:     4   Next: 87%
Magic:  4/4        EV: 13    Int:  9 (11) God:    Nemelex Xobeh [**....]
Gold:   70         SH:  0    Dex: 12 (14) Spells: 3/3 levels left

rFire    . . .     SeeInvis .   a - +0 falchion
rCold    . . .     Gourm    .   (no shield)
rNeg     . . .     Faith    .   (armour unavailable)
rPois    .         Spirit   .   (helmet restricted)
rElec    .         Reflect  .   e - +1 cloak
rCorr    .         Harm     .   (no gloves)
MR       .....                  (no boots)
Stlth    ++........             (no amulet)
HPRegen  0.13/turn              c - +1 ring of protection
MPRegen  0.09/turn              (no ring)

@: lethally poisoned (0 -> -8)
A: unfitting armour, cold-blooded, AC +5
a: Draw Escape, Draw Destruction, Draw Summoning, Renounce Religion


You were on level 3 of the Dungeon.
You worshipped Nemelex Xobeh.
Nemelex Xobeh was pleased with you.
You were not hungry.

You visited 1 branch of the dungeon, and saw 3 of its levels.

You collected 70 gold pieces.

Inventory:

Hand Weapons
 a - a +0 falchion (weapon)
Armour
 e - a +1 cloak (worn)
Jewellery
 c - a +1 ring of protection (left hand)
Scrolls
 f - a scroll of enchant armour {unknown}
 h - a scroll of random uselessness {unknown}
 i - a scroll of enchant weapon {unknown}
 k - a scroll of blinking {unknown}
 l - a scroll of immolation {unknown}
Potions
 d - a potion of mutation {unknown}
 g - a potion of heal wounds {unknown}
 j - 2 potions of degeneration
 m - a potion of flight {unknown}
Comestibles
 b - 5 rations
 n - 2 chunks of flesh


   Skills:
 + Level 4.1 Fighting
 * Level 4.5 Long Blades
 + Level 3.4 Dodging
 - Level 1.7 Stealth
 * Level 0.0 Invocations


You had 3 spell levels left.
You didn't know any spells.
Your spell library was empty.

Dungeon Overview and Level Annotations

Branches:
Dungeon (3/15)

Altars:
Nemelex Xobeh

Annotations:
D:3 Crazy Yiuf


Innate Abilities, Weirdness & Mutations

Your plain brown scales are hard. (AC +5)
You cannot fit into any form of body armour.
You are cold-blooded and may be slowed by cold attacks.


Message History

The orb of energy hits Crazy Yiuf!
Crazy Yiuf is almost dead.
You feel sick.
You draw a card...
You have drawn Vitriol.
Press: ? - help, Shift-Dir - straight line, f/p - Crazy Yiuf
Aim: Crazy Yiuf, wielding a +2 quarterstaff of chaos and wearing a +0 cloak (almost dead)
The bolt of acid misses Crazy Yiuf.
You feel sick.
Crazy Yiuf hits you with a +2 quarterstaff of chaos!
* * * LOW HITPOINT WARNING * * *
Crazy Yiuf freezes you.
* * * LOW HITPOINT WARNING * * *
It was a potion of degeneration.
There was something very wrong with that liquid.
You feel weakened.
You feel dopey.
You feel clumsy.
* * * LOW HITPOINT WARNING * * *
You feel sick.
Crazy Yiuf hits you with a +2 quarterstaff of chaos!
You die...
Your body disappears without a glow.

.######.#########.#
## #.# #.# .######.#
#.# .⌠.....## ###
_..##### .⌠##
.########## ####
.......#.P## ###..)#
.####....PP####.@g..#
.# ##......#..##...#
.# ###.P.#.### ####
.# ####### .# .# .#
.# ...


You could see Crazy Yiuf.

Vanquished Creatures
  Robin (D:3)
  4 adders (D:3)
  An ooze (D:3)
  2 worms (D:3)
  2 dart slugs (D:1)
  4 leopard geckos
  An orc (D:3)
  4 giant cockroaches
  13 goblins
  8 hobgoblins
  3 jackals (D:3)
  A quokka (D:3)
  A ball python (D:3)
  2 bats (D:1)
  4 frilled lizards (D:1)
  6 kobolds
  4 rats
  3 fungi (D:3)
64 creatures vanquished.

Vanquished Creatures (others)
  A goblin (D:3)
1 creature vanquished.

Grand Total: 65 creatures vanquished

Notes
Turn   | Place    | Note
-------+----------+-------------------------------------------
     0 | D:1      | Lanoc the Draconian Monk began the quest for the Orb.
     0 | D:1      | Reached XP level 1. HP: 19/19 MP: 1/1
   154 | D:1      | Reached XP level 2. HP: 26/26 MP: 2/2
   472 | D:1      | Reached XP level 3. HP: 23/31 MP: 3/3
   907 | D:3      | Noticed Robin
   930 | D:3      | Reached XP level 4. HP: 28/40 MP: 4/4
   946 | D:3      | Killed Robin
  1326 | D:3      | Found a sparkling altar of Nemelex Xobeh.
  1380 | D:3      | Became a worshipper of Nemelex Xobeh the Trickster
  1380 | D:3      | Received a gift from Nemelex Xobeh
  1380 | D:3      | Received a gift from Nemelex Xobeh
  1380 | D:3      | Reached * piety under Nemelex Xobeh
  1380 | D:3      | Received a gift from Nemelex Xobeh
  1380 | D:3      | Reached ** piety under Nemelex Xobeh
  1475 | D:3      | Found a runed translucent door.
  1476 | D:3      | Noticed Crazy Yiuf
  1488 | D:3      | Slain by Crazy Yiuf

Levels and vault maps discovered:
D:1:      dpeg_arrival_castle, layout_rooms, grunt_decor_resistance
D:2:      layout_basic
D:3:      layout_loops_ring, nemelex_xobeh_ov_fountains_minmay,
          marbit_many_paths, first_ration, uniq_robin, uniq_crazy_yiuf_cottage

Skill      XL: |  1  2  3  4 |
---------------+-------------+-----
Dodging        | 3 |  3.4
Long Blades    | 4 |  4.5
Fighting       | 4 |  4.1
Stealth        | |  1.7

Action                   |  1- 3 |  4- 6 || total
-------------------------+-------+-------++-------
Melee: Falchion          |   130 |    87 ||   217
       Tailslap          |     6 |    13 ||    19
 Abil: Draw Destruction  |       |     5 ||     5
  Use: Potion            |       |     1 ||     1
 Stab: Distracted        |     1 |       ||     1
       Sleeping          |     1 |     1 ||     2
  Eat: Chunk             |       |     2 ||     2
Armor: Skin              |    40 |    41 ||    81
Dodge: Dodged            |   100 |    51 ||   151
       Rpst.: Falchion   |    28 |    17 ||    45

Table legend:
 A = Non-vault XP
 B = Vault XP
 C = Vault XP percentage of total XP
 D = Non-vault monster count
 E = Vault monster count
 F = Vault count percentage of total count
                 A         B        C        D         E       F
            +---------+---------+-------+---------+---------+-------
      Total |     150 |      34 |  18.5 |      49 |      13 |  21.0
            +---------+---------+-------+---------+---------+-------
        D:1 |      44 |       0 |   0.0 |      25 |       0 |   0.0
        D:2 |       5 |       0 |   0.0 |       3 |       0 |   0.0
        D:3 |     101 |      34 |  25.2 |      21 |      13 |  38.2
            +---------+---------+-------+---------+---------+-------
